 Dungeon Crawl Stone Soup version 0.24.0-125-gc4c63601f3 (webtiles) character file.

Game seed: 10953017631645276305, levelgen mode: deterministic

60742 MisterOstroum the Fighter (level 15, -4/123 HPs)
             Began as a Formicid Abyssal Knight on Mar 7, 2020.
             Was the Champion of Lugonu.
             Slain by a sun demon (14 damage)
             ... summoned by a deep elf mage
             ... on level 1 of the Elven Halls on Mar 9, 2020.
             The game lasted 01:25:23 (36931 turns).

MisterOstroum the Fighter (FoAK)                   Turns: 36931, Time: 01:25:23

Health: -4/123     AC: 28    Str: 22    XL:     15   Next: 39%
Magic:  22/22      EV: 13    Int: 13    God:    Lugonu [******]
Gold:   959        SH:  0    Dex: 10    Spells: 11/20 levels left

rFire    . . .     SeeInvis +   a - +1 short sword (distort)
rCold    . . .     Gourm    +   (no shield)
rNeg     . . .     Faith    .   R - +0 plate armour
rPois    +         Spirit   .   (helmet unavailable)
rElec    .         Reflect  .   g - +1 cloak {rPois}
rCorr    .         Harm     .   j - +2 pair of gloves
MR       +....                  u - +0 pair of boots {Stlth+}
Stlth    ..........             o - amulet of the gourmand
HPRegen  0.30/turn              N - +4 ring of evasion
MPRegen  0.18/turn              K - +6 ring of protection

@: no status effects
A: permanent stasis, dig shafts and tunnels, four strong arms, antennae 3
a: Dig, Shaft Self, Depart the Abyss, Bend Space, Banish, Corrupt, Enter the
Abyss, Brand Weapon With Distortion, Renounce Religion


You were on level 1 of the Elven Halls.
You worshipped Lugonu.
Lugonu was exalted by your worship.
You were very full.

You visited 4 branches of the dungeon, and saw 21 of its levels.
You visited the Abyss 1 time.
You also visited: Bailey and Gauntlet.

You collected 1845 gold pieces.
You spent 886 gold pieces at shops.

Inventory:

Hand Weapons
 a - a +1 short sword of distortion (weapon)
 b - a +0 trident
 c - a +0 arbalest
 M - a +1 scimitar of flaming
 P - a +2 antimagic trident
 W - a +2 war axe of electrocution
 Z - a +1 longbow of flaming
Missiles
 k - a throwing net {!f}
 x - 36 poisoned darts
 B - 420 arrows
 G - 256 bolts
 I - 2 stones (quivered)
 T - 6 curare-tipped darts
Armour
 g - a +1 cloak of poison resistance (worn)
 j - a +2 pair of gloves (worn)
 p - a scarf of spirit shield
 u - a +0 pair of boots of stealth (worn)
 R - a +0 plate armour (worn)
Jewellery
 o - an amulet of the gourmand (around neck)
 t - the amulet "Musadut" {Spirit +Blink Str+3, unknown}
   (You found it on level 6 of the Lair of Beasts)

   [amulet of guardian spirit]

   It causes incoming damage to be split between your health and magic.
   It affects your strength (+3).
   It lets you blink.
 w - an uncursed ring of protection from magic {unknown}
 F - an uncursed ring of magical power
 K - a +6 ring of protection (right hand)
 N - a +4 ring of evasion (left hand)
Wands
 f - a wand of flame (13)
 l - a wand of disintegration (10)
 m - a wand of iceblast (12)
 r - a wand of random effects (19)
 v - a wand of digging (6)
 O - a wand of polymorph (4)
Scrolls
 d - 2 scrolls of magic mapping {@r5 !r}
 i - 7 scrolls of remove curse {@r2}
 n - a scroll of holy word {unknown}
 q - a scroll of acquirement {unknown}
 y - 2 scrolls of immolation {unknown}
 H - 2 scrolls of fog {unknown}
 J - 2 scrolls of amnesia {unknown}
 L - 3 scrolls of fear {!r}
 Q - a scroll of torment
 X - 7 scrolls of enchant weapon
 Y - 2 scrolls of identify {@r1}
Potions
 h - 3 potions of lignification {@q6}
 s - 4 potions of heal wounds {@q2 !q}
 z - 5 potions of agility {@q5 !q}
 A - a potion of cancellation
 C - a potion of invisibility
 D - 10 potions of curing {@q1 !q}
 U - 4 potions of flight
 V - 2 potions of magic
Comestibles
 e - 39 rations


   Skills:
 - Level 13.1 Fighting
 - Level 12.0 Short Blades
 - Level 2.8(7.2) Axes
 - Level 10.4(10.6) Polearms
 - Level 1.1 Throwing
 - Level 10.2 Armour
 + Level 7.3 Dodging
 + Level 3.0 Spellcasting
 - Level 1.5 Necromancy
 * Level 3.3 Transmutations
 * Level 3.6 Earth Magic
 - Level 10.0 Invocations
 - Level 7.0 Evocations


You had 11 spell levels left.
You knew the following spells:

 Your Spells              Type           Power        Failure   Level  Hunger
a - Regeneration          Chrm/Necr      #.........   100%        3    ###....
b - Statue Form           Tmut/Erth      ##.......    100%        6    #######

Your spell library contained the following spells:

 Spells                   Type           Power        Failure   Level  Hunger
 Beastly Appendage        Tmut           ##....       61%         1    #......
 Sticks to Snakes         Tmut           ##......     75%         2    ###....
 Animate Skeleton         Necr           N/A          85%         1    #......
 Pain                     Necr           #...         85%         1    #......
 Apportation              Tloc           #.....       97%         1    #......
 Confusing Touch          Hex            #.....       97%         1    #......
 Shock                    Conj/Air       #...         97%         1    #......
 Summon Butterflies       Summ           #.......     97%         1    #......
 Summon Small Mammal      Summ           #...         97%         1    #......
 Spider Form              Tmut/Pois      #.........   99%         3    ###....
 Vampiric Draining        Necr           #.........   99%         3    ###....
 Lesser Beckoning         Tloc           #.........   100%        3    ###....
 Tukima's Dance           Hex            #.......     100%        3    ###....
 Animate Dead             Necr           N/A          100%        4    #####..
 Cause Fear               Hex            #.........   100%        4    #####..
 Ice Form                 Ice/Tmut       #.......     100%        4    #####..
 Summon Lightning Spire   Summ/Air       #.......     100%        4    #####..
 Alistair's Intoxication  Tmut/Pois      #.......     100%        5    ######.
 Blade Hands              Tmut           ##........   100%        5    ######.
 Bolt of Magma            Conj/Fire/Erth #.........   100%        5    ######.
 Irradiate                Conj/Tmut      #.........   100%        5    ######.
 Iskenderun's Battlesphe  Conj/Chrm      #.......     100%        5    ######.
 Silence                  Hex/Air        #.........   100%        5    ######.
 Venom Bolt               Conj/Pois      #.........   100%        5    ######.
 Yara's Violent Unravell  Hex/Tmut       #.........   100%        5    ######.
 Conjure Ball Lightning   Conj/Air       #.........   100%        6    #######
 Deflect Missiles         Chrm/Air       #.........   100%        6    #######
 Hydra Form               Tmut           ##........   100%        6    #######
 Invisibility             Hex            #.......     100%        6    #######
 Iron Shot                Conj/Erth      #.........   100%        6    #######
 Dragon Form              Tmut           ##........   100%        7    #######
 Orb of Destruction       Conj           #.........   100%        7    #######
 Spellforged Servitor     Conj/Summ      #.........   100%        7    #######
 Discord                  Hex            #.........   100%        8    #######
 Shatter                  Erth           ##........   100%        9    #######
 Tornado                  Air            #.........   100%        9    #######


Dungeon Overview and Level Annotations

Branches:
Dungeon (12/15)            Temple (0/1) D:7            Lair (6/6) D:11
 Shoals (0/4) Lair:3       Spider (0/4) Lair:3        Slime (0/5) Lair:5
    Orc (2/2) D:9             Elf (1/3) Orc:2        Bailey (visited)
Gauntlet (visited)

Altars:
Elyvilon
Ru
Sif Muna
Wu Jian
Zin

Shops:
D:5 ?   D:6 %   Orc:1 %   Orc:2 :%((   Elf:1 ?

Annotations:
D:3 exclusion: door
D:7 1 runed translucent door, exclusion: door, Crazy Yiuf
D:11 2 transporters
Abyss:1 Azrael, Fannar, Harold, Jorgrun


Innate Abilities, Weirdness & Mutations

You cannot be hasted, slowed, berserked, paralysed or teleported.
You can dig through walls and to a lower floor.
Your four strong arms can wield two-handed weapons with a shield.
You have a pair of large antennae on your head. (SInv)


Message History

The deep elf knight hits you but does no damage.
You hit the deep elf knight but do no damage.
Space bends around the deep elf knight.
The deep elf knight is lightly wounded.
You miss the deep elf knight.
The deep elf knight is lightly wounded.
The deep elf knight hits you but does no damage.
You puncture the deep elf knight!
Space warps horribly around the deep elf knight!
The deep elf knight is heavily wounded.
You miss the deep elf knight.
The deep elf knight is heavily wounded.
The deep elf knight hits you with a +0 whip.
You miss the deep elf knight.
The deep elf knight is heavily wounded.
You hit the deep elf knight but do no damage.
Space warps horribly around the deep elf knight!
The deep elf knight is almost dead.
The deep elf knight closely misses you.
You hit the deep elf knight but do no damage.
The deep elf knight is almost dead.
The deep elf knight disappears!
No target in view!
No target in view!
No target in view!
No target in view!
No target in view!
No target in view!
No target in view!
No target in view!
No target in view!
No target in view!
No target in view!
No target in view!
No target in view!
No target in view!
No target in view!
No target in view!
No target in view!
There is an open door here.
There is an open door here.
A deep elf mage comes into view. It is wielding a +0 short sword.
The deep elf mage shouts!
Found 22 stones.
A deep elf mage is nearby!
A deep elf mage is nearby!
No reachable target in view!
A deep elf knight comes into view. It is wielding a +0 long sword.
The deep elf annihilator shouts!
The deep elf knight moves out of view.
A +5 halberd of flaming comes into view.
You extend your mandibles.
You dig through the translucent rock wall.
The deep elf mage points at you and mumbles some strange words.
The bolt of negative energy misses you.
The deep elf annihilator casts a spell.
The deep elf annihilator blinks!
You retract your mandibles.
The deep elf mage points at you and mumbles some strange words.
The bolt of negative energy misses you.
You miss the deep elf mage. You barely miss the deep elf mage.
The deep elf mage mumbles some strange words.
You puncture the deep elf mage!
Space warps horribly around the deep elf mage!
The deep elf mage is heavily wounded.
You puncture the deep elf mage!
The deep elf mage is severely wounded.
The deep elf mage disappears!
The deep elf annihilator drinks a potion.
The deep elf annihilator flickers and vanishes for a moment.
The deep elf knight hits you but does no damage.
The deep elf annihilator mumbles some strange words.
The deep elf annihilator blinks!
You barely miss the deep elf annihilator.
The deep elf knight hits you but does no damage.
You closely miss the deep elf annihilator.
The deep elf annihilator hits you but does no damage.
You barely miss the deep elf annihilator.
You hit the deep elf annihilator.
Space bends around the deep elf annihilator.
The deep elf annihilator is lightly wounded.
The deep elf knight misses you.
The +5 halberd of flaming hits you from afar!
The +5 halberd of flaming burns you.
You barely miss the deep elf annihilator.
The deep elf annihilator is lightly wounded.
The sun demon hits you!
You are engulfed in flames!
The deep elf annihilator casts a spell at you.
The crystal spear hits you!!!
* * * LOW HITPOINT WARNING * * *
You hit the deep elf annihilator.
Space bends around the deep elf annihilator.
The deep elf annihilator is moderately wounded.
The +5 halberd of flaming hits you from afar!
* * * LOW HITPOINT WARNING * * *
The +5 halberd of flaming burns you.
* * * LOW HITPOINT WARNING * * *
The deep elf knight barely misses you. The sun demon hits you!
You die...

##'#.....#'######
#
##.####'####'...##
# #.## #.#
##.....## '##
#.###.......## ##
#.##.........# ##
#.........##. .#
#.........''. ##
##......e## '#
##...3@####.. #.#
#'#..e##..##.. #.#
.'###(##....#'.
#'. ...
#........##
.......
#.....(...# .....
'.........# ...
##.........#
#.........#
##.......#


You could see a deep elf annihilator (invisible), a sun demon, a deep elf knight
and a +5 halberd of flaming.

Vanquished Creatures
  A hydra (Lair:1)
  2 two-headed ogres
  Erica (D:8)
  2 dancing weapons (Elf:1)
  6 death yaks
  3 orc high priests (Orc:2)
  A deep elf knight (Elf:1)
  An unseen horror (D:10)
  A deep elf archer (Elf:1)
  An orc knight (Bailey)
  5 deep elf magi (Elf:1)
  2 orc sorcerers
  An ugly thing (D:11)
  A manticore (Lair:6)
  4 elephants
  An apocalypse crab (Gauntlet)
  8 spiny frogs
  3 rime drakes
  6 komodo dragons
  A queen bee (Lair:1)
  A polar bear (Lair:5)
  3 trolls
  6 blink frogs
  4 hippogriffs
  2 dream sheep (D:9)
  23 yaks
  An air elemental (Elf:1)
  A shadow (D:11)
  2 wyverns
  Eustachio (D:6)
  A basilisk (Lair:3)
  A hungry ghost (D:8)
  3 fire elementals
  4 wargs
  An acid dragon (D:11)
  13 water moccasins
  2 hell hounds
  23 orc warriors
  9 porcupines
  4 ice beasts
  4 sky beasts (D:7)
  An eye of draining (D:11)
  13 ogres
  A necrophage (D:9)
  5 wolves
  5 centaurs
  8 crocodiles
  6 big kobolds
  10 bullfrogs
  An earth elemental (Elf:1)
  2 wyvern skeletons
  3 scorpions
  4 jellies
  29 killer bees
  4 howler monkeys
  3 electric eels
  2 bullfrog zombies
  5 crimson imps
  2 centaur zombies
  8 hounds
  2 bullfrog skeletons
  36 orc priests
  27 orc wizards
  2 iguanas
  11 worker ants
  2 killer bee zombies
  A hound skeleton (D:7)
  A howler monkey zombie (D:5)
  A howler monkey skeleton (D:5)
  10 adders
  A shadow imp (D:7)
  An ooze (D:5)
  2 dart slugs
  3 leopard geckos
  82 orcs
  12 bats
  A giant cockroach (D:1)
  15 goblins
  7 hobgoblins
  7 jackals
  21 kobolds
  5 quokkas
  5 frilled lizards
  2 leopard gecko skeletons
  2 leopard gecko zombies
  5 rats
  2 plants
538 creatures vanquished.

Vanquished Creatures (others)
  2 hydras
  3 catoblepae (Lair:6)
  7 death yaks
  An orc high priest (Orc:2)
  A deep elf knight (Elf:1)
  A deep elf mage (Elf:1)
  A manticore (Lair:6)
  8 elephants
  3 spiny frogs
  A komodo dragon (Lair:2)
  2 polar bears
  2 hippogriffs (Lair:3)
  9 yaks
  A wyvern (Lair:4)
  A hungry ghost (D:11)
  2 porcupines
  A black bear (Lair:3)
  8 orc warriors
  A crocodile (Lair:6)
  A centaur (Lair:4)
  2 wolves (Lair:1)
  A bullfrog (Lair:1)
  A killer bee (Lair:1)
  A howler monkey (D:11)
  5 orc wizards
  3 orc priests
  4 orcs
  A bush (Lair:1)
  33 fungi
  43 plants
150 creatures vanquished.

Grand Total: 688 creatures vanquished

Notes
Turn   | Place    | Note
-------+----------+-------------------------------------------
     0 | Abyss:1  | MisterOstroum the Formicid Abyssal Knight began the quest
                  | for the Orb.
     0 | Abyss:1  | Reached XP level 1. HP: 18/18 MP: 2/2
    60 | Abyss:1  | Found a shimmering blue altar of Sif Muna.
   113 | Abyss:3  | Noticed a large abomination
   116 | Abyss:3  | Noticed a small abomination
   116 | D:1      | Escaped the Abyss
   188 | D:1      | Reached * piety under Lugonu
   227 | D:1      | Reached skill level 1 in Dodging
   231 | D:1      | Reached XP level 2. HP: 24/24 MP: 3/3
   643 | D:1      | Reached XP level 3. HP: 26/30 MP: 4/4
  1888 | D:2      | Reached skill level 4 in Fighting
  1888 | D:2      | Reached XP level 4. HP: 14/37 MP: 5/5
  2825 | D:3      | Reached ** piety under Lugonu
  2920 | D:3      | Reached XP level 5. HP: 41/42 MP: 7/7
  3399 | D:3      | Found a shimmering blue altar of Sif Muna.
  4176 | D:5      | Entered Level 5 of the Dungeon
  4198 | D:5      | Noticed a centaur
  4207 | D:5      | Noticed an ogre
  4208 | D:5      | Killed a centaur
  4208 | D:5      | Reached XP level 6. HP: 21/50 MP: 7/9
  4403 | D:5      | Found a sacrificial altar of Ru.
  4469 | D:5      | Noticed an ogre
  4483 | D:5      | Killed an ogre
  4483 | D:5      | Reached skill level 5 in Fighting
  4578 | D:5      | Found an ornate altar of the Wu Jian Council.
  4759 | D:5      | Reached XP level 7. HP: 12/56 MP: 10/10
  5062 | D:5      | Reached skill level 5 in Invocations
  5336 | D:5      | Found a glowing silver altar of Zin.
  5449 | D:5      | Found an ornate altar of the Wu Jian Council.
  5746 | D:5      | Found Wuiwk's Magic Scroll Emporium.
  5749 | D:5      | Bought a scroll of fear for 45 gold pieces
  5749 | D:5      | Bought a scroll of identify for 26 gold pieces
  5749 | D:5      | Bought a scroll of magic mapping for 45 gold pieces
  5845 | D:6      | Reached skill level 6 in Fighting
  5845 | D:6      | Reached XP level 8. HP: 54/64 MP: 12/12
  5910 | D:6      | Noticed Eustachio
  5999 | D:6      | Killed Eustachio
  6354 | D:6      | Found Rouxepy's Food Shoppe.
  7045 | D:7      | Found a staircase to the Ecumenical Temple.
  7159 | D:7      | Reached XP level 9. HP: 62/71 MP: 11/13
  7258 | D:7      | Reached *** piety under Lugonu
  7471 | D:7      | Reached skill level 5 in Polearms
  7471 | D:7      | Reached skill level 5 in Armour
  7504 | D:7      | Reached skill level 7 in Fighting
  8105 | D:7      | Noticed Harold
  8106 | D:7      | Banished Harold
  8216 | D:7      | Found a runed translucent door.
  8217 | D:7      | Noticed Crazy Yiuf
  8899 | D:8      | Reached XP level 10. HP: 80/80 MP: 9/15
  8911 | D:8      | Noticed Erica
  8926 | D:8      | Killed Erica
  8926 | D:8      | Reached skill level 8 in Fighting
  8926 | D:8      | Reached skill level 5 in Dodging
 10494 | D:9      | Reached **** piety under Lugonu
 10787 | D:9      | Noticed a three-headed hydra
 10857 | D:9      | Reached skill level 9 in Fighting
 11072 | D:9      | Reached XP level 11. HP: 80/89 MP: 8/17
 11274 | D:9      | Found a white marble altar of Elyvilon.
 11439 | D:9      | Found a staircase to the Orcish Mines.
 11571 | D:9      | Noticed a two-headed ogre
 11617 | D:9      | Killed a two-headed ogre
 12208 | D:10     | Entered Level 10 of the Dungeon
 12259 | D:10     | Reached skill level 10 in Polearms
 12589 | D:10     | Noticed an unseen horror
 12625 | D:10     | Killed an unseen horror
 12625 | D:10     | Reached skill level 1 in Axes
 13108 | D:10     | Reached skill level 10 in Invocations
 14273 | D:11     | Noticed a two-headed ogre
 14331 | D:11     | Killed a two-headed ogre
 14331 | D:11     | Reached skill level 1 in Evocations
 14383 | D:11     | Noticed a mana viper
 14383 | D:11     | Noticed a deep troll
 14383 | D:11     | a mana viper changed into a deep troll
 14384 | D:11     | Found a transporter.
 14388 | D:11     | Noticed a frost giant
 14392 | D:11     | Reached skill level 10 in Fighting
 14392 | D:11     | Reached skill level 1 in Throwing
 14393 | D:11     | Noticed Fannar
 14396 | D:11     | a deep troll changed into a torpor snail
 14399 | D:11     | Noticed an ice dragon
 14399 | D:11     | a torpor snail changed into an ice dragon
 14440 | D:11     | Noticed Sonja
 14459 | D:11     | Noticed Sonja
 14459 | D:11     | Sonja changed into Sonja the warg
 14470 | D:11     | Killed Sonja the warg
 14590 | D:11     | Found a flagged portal.
 14599 | Bailey   | Entered a bailey
 14970 | Bailey   | Reached ***** piety under Lugonu
 15273 | Bailey   | Reached skill level 1 in Short Blades
 15754 | Bailey   | Noticed an orc knight
 15872 | Bailey   | Killed an orc knight
 16084 | D:11     | Reached XP level 12. HP: 89/97 MP: 18/19
 16263 | D:11     | Banished Fannar
 16364 | D:11     | Reached skill level 5 in Short Blades
 16442 | D:11     | Noticed a catoblepas
 16456 | D:11     | Found a transporter.
 16458 | D:11     | Noticed an unseen horror
 16458 | D:11     | a golden eye changed into an unseen horror
 16756 | D:11     | Noticed a death yak
 16756 | D:11     | Noticed a death yak
 16757 | D:11     | Noticed a death yak
 16758 | D:11     | Noticed a death yak
 16759 | D:11     | Noticed a death yak
 16761 | D:11     | Banished a death yak
 16777 | D:11     | Noticed a death yak
 16781 | D:11     | Banished a death yak
 17076 | D:11     | Noticed a sea snake
 17076 | D:11     | a dream sheep changed into a sea snake
 17077 | D:11     | a sea snake changed into a snapping turtle
 17105 | D:11     | Noticed an anaconda
 17105 | D:11     | a shining eye changed into an anaconda
 17109 | D:11     | Noticed a spark wasp
 17109 | D:11     | an anaconda changed into a spark wasp
 17111 | D:11     | Noticed an ettin
 17111 | D:11     | a spark wasp changed into an ettin
 17114 | D:11     | Noticed an anaconda
 17114 | D:11     | an ettin changed into an anaconda
 17117 | D:11     | Noticed a deep troll
 17117 | D:11     | an anaconda changed into a deep troll
 17136 | D:11     | a deep troll changed into a faun
 17145 | D:11     | Noticed a sea snake
 17145 | D:11     | a slime creature changed into a sea snake
 17147 | D:11     | a sea snake changed into a faun
 17158 | D:11     | Noticed a death drake
 17158 | D:11     | a snapping turtle changed into a death drake
 17159 | D:11     | a death drake changed into a shining eye
 17165 | D:11     | Noticed a shock serpent
 17165 | D:11     | a manticore changed into a shock serpent
 17166 | D:11     | a shock serpent changed into a torpor snail
 17169 | D:11     | Noticed a deep troll
 17169 | D:11     | a faun changed into a deep troll
 17170 | D:11     | a deep troll changed into a floating eye
 17176 | D:11     | Noticed a glowing orange brain
 17176 | D:11     | a floating eye changed into a glowing orange brain
 17177 | D:11     | Noticed a sea snake
 17177 | D:11     | a glowing orange brain changed into a sea snake
 17182 | D:11     | a sea snake changed into an elephant
 17199 | D:11     | Noticed a sea snake
 17199 | D:11     | a lindwurm changed into a sea snake
 17208 | D:11     | a sea snake changed into a mana viper
 17213 | D:11     | Noticed a deep troll
 17213 | D:11     | a floating eye changed into a deep troll
 17219 | D:11     | a deep troll changed into a lindwurm
 17235 | D:11     | Noticed a sea snake
 17235 | D:11     | a slime creature changed into a sea snake
 17236 | D:11     | Noticed a glowing orange brain
 17236 | D:11     | a sea snake changed into a glowing orange brain
 17244 | D:11     | a glowing orange brain changed into a wolf spider
 17257 | D:11     | Noticed an anaconda
 17257 | D:11     | a wolf spider changed into an anaconda
 17261 | D:11     | Noticed a great orb of eyes
 17261 | D:11     | an anaconda changed into a great orb of eyes
 17265 | D:11     | Noticed a satyr
 17265 | D:11     | a great orb of eyes changed into a satyr
 17266 | D:11     | Noticed an anaconda
 17266 | D:11     | a satyr changed into an anaconda
 17270 | D:11     | an anaconda changed into a torpor snail
 17275 | D:11     | Noticed an anaconda
 17275 | D:11     | a torpor snail changed into an anaconda
 17279 | D:11     | Noticed a glowing orange brain
 17279 | D:11     | an anaconda changed into a glowing orange brain
 17284 | D:11     | Noticed a death drake
 17284 | D:11     | a glowing orange brain changed into a death drake
 17288 | D:11     | a death drake changed into a moth of wrath
 17304 | D:11     | Noticed a fire crab
 17304 | D:11     | a mana viper changed into a fire crab
 17398 | D:11     | Found a staircase to the Lair.
 17467 | D:11     | Killed a death yak
 17487 | D:11     | Killed a death yak
 17578 | Lair:1   | Entered Level 1 of the Lair of Beasts
 17647 | Lair:1   | Found a gate leading to a gauntlet.
 17680 | Gauntlet | Entered a Gauntlet
 17680 | Gauntlet | Found a transporter.
 17747 | Gauntlet | Found a transporter.
 17748 | Gauntlet | Found a transporter.
 17748 | Gauntlet | Noticed a fire crab
 17749 | Gauntlet | Found a transporter.
 17752 | Gauntlet | Found a transporter.
 17753 | Gauntlet | Found a transporter.
 17754 | Gauntlet | Found a large runed translucent door.
 17755 | Gauntlet | Found a large runed translucent door.
 17756 | Gauntlet | Found a large runed translucent door.
 17756 | Gauntlet | Found a large runed translucent door.
 17756 | Gauntlet | Found a runed translucent door.
 17757 | Gauntlet | Found a large runed translucent door.
 17758 | Gauntlet | Found a large runed translucent door.
 17759 | Gauntlet | Found a large runed translucent door.
 17759 | Gauntlet | Found a large runed translucent door.
 17760 | Gauntlet | Found a runed translucent door.
 17760 | Gauntlet | Found a runed translucent door.
 17760 | Gauntlet | Found a runed translucent gate.
 17760 | Gauntlet | Found a runed translucent gate.
 17760 | Gauntlet | Found a runed translucent gate.
 17762 | Gauntlet | Found a transporter.
 17770 | Gauntlet | Found a transporter.
 17777 | Gauntlet | Noticed a fire crab
 17782 | Gauntlet | Found a transporter.
 17783 | Gauntlet | Noticed a death yak
 17784 | Gauntlet | Noticed a death yak
 17784 | Gauntlet | Noticed a death yak
 17785 | Gauntlet | Noticed a death yak
 17785 | Gauntlet | Noticed a death yak
 17785 | Gauntlet | Noticed a death yak
 17799 | Gauntlet | Found a transporter.
 17803 | Gauntlet | Found a transporter.
 17806 | Gauntlet | Noticed a death drake
 17811 | Gauntlet | Found a transporter.
 17872 | Gauntlet | Found a large runed translucent door.
 17873 | Gauntlet | Found a large runed translucent door.
 17874 | Gauntlet | Found a large runed translucent door.
 17874 | Gauntlet | Found a large runed translucent door.
 17875 | Gauntlet | Found a large runed translucent door.
 17876 | Gauntlet | Found a large runed translucent door.
 17877 | Gauntlet | Found a large runed translucent door.
 17877 | Gauntlet | Found a large runed translucent door.
 18117 | Gauntlet | Noticed a minotaur
 18125 | Gauntlet | Identified Ugaetid's Reference Book on the Rocks and Air
 18149 | Lair:1   | Noticed a seven-headed hydra
 18581 | D:11     | Banished a death yak
 18686 | D:11     | Noticed an unseen horror
 18687 | D:11     | an unseen horror changed into a hog
 18963 | Lair:1   | Killed a seven-headed hydra
 20456 | Lair:1   | Reached XP level 13. HP: 105/105 MP: 20/20
 20574 | Lair:2   | Reached skill level 11 in Fighting
 21417 | Lair:2   | Noticed a four-headed hydra
 21434 | Lair:2   | Banished a four-headed hydra
 22833 | Lair:3   | Found a hole to the Spider Nest.
 23115 | Lair:3   | Found a staircase to the Shoals.
 24446 | Lair:4   | Noticed a six-headed hydra
 24467 | Lair:4   | Found a white marble altar of Elyvilon.
 24930 | Lair:4   | Banished a six-headed hydra
 25605 | Lair:4   | Reached skill level 5 in Evocations
 26457 | Lair:5   | Noticed a five-headed hydra
 26519 | Lair:5   | Banished a five-headed hydra
 26690 | Lair:5   | Reached skill level 10 in Short Blades
 26804 | Lair:5   | Found a staircase to the Slime Pits.
 26935 | Lair:5   | Reached ****** piety under Lugonu
 27057 | Lair:5   | Reached XP level 14. HP: 113/114 MP: 21/21
 27684 | Lair:6   | Entered Level 6 of the Lair of Beasts
 27735 | Lair:6   | Noticed Nessos
 27736 | Lair:6   | Noticed Nessos
 27736 | Lair:6   | Nessos changed into Nessos the yak
 27756 | Lair:6   | Banished Nessos the yak
 27859 | Lair:6   | Reached skill level 12 in Fighting
 30498 | Lair:6   | Got a bound brass amulet
 31030 | Orc:1    | Entered Level 1 of the Orcish Mines
 31090 | Orc:1    | Found Utijuad's Food Emporium.
 31877 | Orc:2    | Entered Level 2 of the Orcish Mines
 32338 | Orc:2    | Found a staircase to the Elven Halls.
 32639 | Orc:2    | Reached skill level 10 in Armour
 33944 | Orc:2    | Found Disath's Book Boutique.
 33944 | Orc:2    | Found Feke's Weapon Shop.
 33944 | Orc:2    | Found Weisery's Weapon Shop.
 33950 | Orc:2    | Found Wuwkah Fieli's Food Boutique.
 33998 | Orc:2    | Noticed Azrael
 34017 | Orc:1    | Reached skill level 13 in Fighting
 34017 | Orc:1    | Reached XP level 15. HP: 55/123 MP: 22/22
 34258 | Orc:1    | Banished Azrael
 34258 | Orc:1    | Reached skill level 1 in Spellcasting
 34265 | Orc:1    | Learned a level 3 spell: Regeneration
 34929 | Orc:2    | Noticed Jorgrun
 35023 | Orc:2    | Banished Jorgrun
 35023 | Orc:2    | Reached skill level 1 in Necromancy
 35069 | Orc:2    | Bought a book of Transfigurations for 770 gold pieces
 35076 | Orc:2    | Learned a level 6 spell: Statue Form
 35609 | Elf:1    | Entered Level 1 of the Elven Halls
 35640 | Elf:1    | Reached skill level 1 in Transmutations
 35640 | Elf:1    | Reached skill level 1 in Earth Magic
 36815 | Elf:1    | Found Dalis's Magic Scroll Shop.
 36931 | Elf:1    | Slain by a sun demon

Levels and vault maps discovered:
D:1:      dpeg_arrival_arbitrary_a, layout_loops_ring
D:2:      layout_basic, kennysheep_generic_room_7
D:3:      layout_loops_ring, led_sif_book
D:4:      layout_gridville, first_ration
D:5:      layout_rooms, old_standard_altar, lemuel_round_altar, zin_academy,
          serial_shops, nicolae_shop_behind_doors, lemuel_statue_altar
D:6:      layout_loops_corners, serial_shops, shop_statue, uniq_eustachio
D:7:      layout_basic, temple_pool_b, uniq_harold, uniq_crazy_yiuf_cottage
D:8:      layout_basic, uniq_erica
D:9:      layout_roguey, erik_orc_3, basic_altar, hangedman_ranch
          [blue_anna_fruit_fields]
D:10:     layout_small_grid, serial_glass, glass_columns_b, glass_columns_b
D:11:     gammafunk_sealed_arena, layout_gridville, dpeg_lair_monsters,
          enter_bailey_3, nrook_uturn, grunt_ministairs_7, uniq_fannar,
          uniq_sonja
D:12:     kennysheep_room_grid, layout_cave_pools, uniq_erolcha
Lair:1:   layout_roguey [special_room_bee], special_room,
          gauntlet_entry_generic, grunt_megastairs_1
Lair:2:   layout_loops_ring, nicolae_quartered_pool_super,
          chequers_serial_rivers_small_a, infiniplex_staircase_pool,
          grunt_megastairs_4
Lair:3:   layout_layer_cave, elwin_shoals_entry_rocks,
          spider_nest_entry_web_field, grunt_megastairs_3, lemuel_fruit_tree
Lair:4:   layout_misc_corridors, serial_bayou, serial_bayou_pond_d,
          serial_bayou_pond_c, serial_bayou_pond_e, serial_bayou_lagoon_a,
          lemuel_centaur_altar
Lair:5:   layout_small_grid, dpeg_slime_entry_corner
Lair:6:   evilmike_catoblepas_cave, layout_regular_city,
          infiniplex_staircase_pool_2, uniq_nessos
Orc:1:    layout_diamond_mine, serial_shops, shop
Orc:2:    st_orc_mages, layout_caves, uniq_azrael, uniq_jorgrun
Elf:1:    eino_elf_arrival_shootout, layout_geoelf_octagon, serial_shops, shop,
          minmay_elf_annihilation

Skill      XL: |  1  2  3  4  5  6  7  8  9 10 11 12 13 14 15 |
---------------+----------------------------------------------+-----
Dodging        | 1 2 3 4 5 6 7 |  7.3
Fighting       | 4 5 6 7 9 10 11 13 | 13.1
Invocations    | 3 4 5 6 7 9 10 | 10.0
Armour         | 3 4 5 7 8 10 | 10.2
Polearms       | 4 6 9 10 | 10.4
Axes           | 2 |  2.8
Evocations     | 1 5 7 |  7.0
Throwing       | 1 |  1.1
Short Blades   | 3 7 10 12 | 12.0
Spellcasting   | 3 |  3.0
Necromancy     | 1 |  1.5
Transmutations | 3 |  3.3
Earth Magic    | 3 |  3.6

Action                   |  1- 3 |  4- 6 |  7- 9 | 10-12 | 13-15 || total
-------------------------+-------+-------+-------+-------+-------++-------
Melee: Spear             |   123 |    41 |    25 |       |       ||   189
       Dagger            |       |   109 |   247 |   288 |       ||   644
       Trident           |       |       |   109 |   435 |       ||   544
       Short sword       |       |       |       |   547 |  1950 ||  2497
 Fire: Arbalest          |       |       |       |    79 |       ||    79
       Hunting sling     |       |       |       |    57 |       ||    57
       Longbow           |       |       |       |       |     3 ||     3
Throw: Dart              |       |     1 |     8 |    37 |       ||    46
       Stone             |       |     1 |       |     6 |    33 ||    40
       Throwing net      |       |       |       |     1 |       ||     1
Invok: Depart the Abyss  |     1 |       |       |       |       ||     1
       Bend Space        |       |     1 |     1 |    12 |       ||    14
       Banish            |       |       |     1 |       |     3 ||     4
 Abil: Dig               |       |       |     1 |     5 |    33 ||    39
Evoke: Wand              |       |       |       |     2 |    15 ||    17
  Use: Scroll            |       |       |    11 |    10 |     7 ||    28
       Potion            |       |       |       |     8 |     2 ||    10
 Stab: Sleeping          |     1 |       |       |       |       ||     1
       Petrified         |       |       |       |       |     7 ||     7
       Distracted        |       |       |       |       |     1 ||     1
  Eat: Chunk             |     3 |     9 |    15 |    25 |    63 ||   115
       Ration            |       |       |     1 |     5 |       ||     6
Armor: Leather armour    |    13 |       |       |       |       ||    13
       Chain mail        |    28 |    79 |   243 |   225 |       ||   575
       Plate armour      |       |       |       |   496 |   685 ||  1181
       Skin              |       |       |       |    45 |     8 ||    53
Dodge: Dodged            |    38 |    36 |   160 |   526 |   609 ||  1369
